 Dungeon Crawl Stone Soup version 0.29.1-12-g30fa7ad0bf (webtiles) character file.

Game seed: 13054071679781276878

4201 H0rd4k the Martial Artist (level 10, -3/69 HPs)
             Began as an Octopode Artificer on Dec 13, 2022.
             Was an Initiate of Gozag.
             Slain by a centaur (5 damage)
             ... on level 9 of the Dungeon.
             The game lasted 00:11:22 (13272 turns).

H0rd4k the Martial Artist (Octopode Artificer)     Turns: 13272, Time: 00:11:22

Health: -3/69      AC:  1    Str: 12    XL:     10   Next: 29%
Magic:  18/18      EV: 13    Int: 17    God:    Gozag
Gold:   1233       SH:  0    Dex: 13    Spells: 20/20 levels left

rFire   . . .      SeeInvis .     - Unarmed
rCold   . . .      Faith    .   (no shield)
rNeg    . . .      Spirit   .   (helmet restricted)
rPois   .          Reflect  .   (no amulet)
rElec   .          Harm     .   (no ring)
rCorr   .          Rampage  .   (no ring)
Will    .....                   (no ring)
Stlth   +++.......              (no ring)
HPRegen 0.21/turn               (no ring)
MPRegen 0.16/turn               (no ring)
                                (no ring)
                                (no ring)

@: no status effects
A: almost no armour, amphibious, 8 rings, camouflage 1, gelatinous body 1,
(nimble swimmer 1), tentacles
a: Renounce Religion, Potion Petition, Call Merchant, Bribe Branch


You were on level 9 of the Dungeon.
You worshipped Gozag.
Gozag was most pleased with you.
You visited 2 branches of the dungeon, and saw 10 of its levels.
You also visited: Ossuary.

You collected 1316 gold pieces.
You paid 83 gold pieces to Gozag.

Inventory:

Missiles
 r - a throwing net
Jewellery
 x - a +6 ring of intelligence
Wands
 c - a wand of charming (1) (quivered)
 h - a wand of paralysis (2)
 y - a wand of flame (13)
Scrolls
 e - a scroll of enchant weapon {unknown}
 f - 2 scrolls of enchant armour
 k - 2 scrolls of teleportation
 m - 3 scrolls of fear
 q - a scroll of brand weapon {unknown}
 s - a scroll of magic mapping {unknown}
 t - 4 scrolls of noise
 u - a scroll of blinking {unknown}
 w - a scroll of fog {unknown}
 z - a scroll of amnesia {unknown}
Potions
 a - 2 potions of might
 b - a potion of resistance {unknown}
 d - 2 potions of flight
 g - 5 potions of heal wounds
 i - 5 potions of mutation {unknown}
 j - 4 potions of lignification
 l - 3 potions of magic {unknown}
 n - a potion of curing {unknown}
 o - a potion of berserk rage {unknown}
 p - 2 potions of invisibility {unknown}
Miscellaneous
 v - a piece from Xom's chessboard (15/15)


   Skills:
 * Level 6.8 Fighting
 - Level 2.3 Dodging
 - Level 1.3 Stealth
 + Level 11.2 Unarmed Combat
 * Level 5.7 Spellcasting
 - Level 3.2 Evocations


You had 20 spell levels left.
You didn't know any spells.
Your spell library contained the following spells:

 Spells                   Type           Power      Damage    Failure   Level
 Static Discharge         Conj/Air       4%         3-4/arc   21%         2
 Dispel Undead            Necr           4%         3d7       78%         4
 Sticky Flame             Conj/Fire      4%         2d3       78%         4


Dungeon Overview and Level Annotations

Branches:
Dungeon (9/15)             Temple (1/1) D:5            Lair (0/5) D:9
    Orc (0/2) D:9         Ossuary (visited)

Altars:
Ashenzari
Dithmenos
Elyvilon
Fedhas
Gozag
Kikubaaqudgha
Makhleb
Nemelex Xobeh
Sif Muna
Trog
Uskayaw
Vehumet

Shops:
D:7 :   D:9 [

Annotations:
D:4 exclusion: ogre
D:5 2 runed translucent doors
D:8 exclusion: killer bee


Innate Abilities, Weirdness & Mutations

You cannot wear most types of armour.
You are amphibious.
You can wear up to eight rings at the same time.
Your skin changes colour to match your surroundings (Stealth+).
Your rubbery body absorbs attacks. (AC +1, EV +1)
((You are camouflaged when in or above water. (Stealth+)))
You have tentacles for arms and can constrict up to eight enemies at once.


Message History

Aiming: Charm
Press: ? - help, Shift-Dir - straight line, f - yak
Aim: a yak (lightly wounded, chance to affect: 57%)
The yak is charmed.
The yak gores your yak but does no damage.
Unknown command.
What are your orders? t - Shout!
Orders for allies: a - Attack new target. p - Attack previous target. r - Retreat! s - Stop attacking. g - Guard the area. f - Follow me.
Anything else - Cancel.
Guard this area!
The yak is distracted by your dazzling golden aura.
Your yak gores the yak but does no damage.
The yak is no longer distracted by gold.
The yak bellows!
You hear a bellow! x2
The yak barely misses your yak.
Your yak gores the yak.
Your yak gores the yak!
The yak gores your yak!
You hear a bellow!
Your yak gores the yak!
The yak gores your yak!
Your yak gores the yak.
The yak gores your yak!
Your yak dies!
A centaur comes into view.
Found an escape hatch in the floor.
The centaur wields a +0 shortbow.
The centaur shoots an arrow.
The arrow hits you.
The centaur shoots an arrow.
The arrow hits you!
The centaur shoots an arrow.
The arrow hits you!
* * * LOW HITPOINT WARNING * * *
The centaur shoots an arrow.
The arrow hits you!
* * * LOW HITPOINT WARNING * * *
There is an escape hatch in the floor here.
The centaur unwields a +0 shortbow.
The centaur hits you.
* * * LOW HITPOINT WARNING * * *
The centaur barely misses you.
You tentacle-slap the centaur.
The centaur is moderately wounded.
The centaur hits you.
You die...
Your body crumbles into a pile of gold.

###### ....
#######.####
#..........#
#.#####.##.#
#.##>#
#.##@#
#Y##c#
#.##.. $
###Y#####
#...# #.#
>.Y... #.###
#.#


oYY... #.# #.# .YY.. #.# #.# Y... #.# #.# You could see a centaur.

Vanquished Creatures
  Pikel (D:4)
  Prince Ribbit (D:7)
  A hornet (D:8)
  A yak (D:8)
  A vampire (D:8)
  A wyvern (D:9)
  4 water moccasins
  3 ice beasts
  A sky beast (D:6)
  3 ogres
  A black bear (D:7)
  2 centaurs
  An elf zombie (Ossuary)
  2 lemures (D:4)
  3 necrophages
  2 kobold brigands
  A scorpion (D:6)
  2 howler monkeys (D:8)
  2 centaur zombies (Ossuary)
  2 hounds
  3 orc priests
  4 human zombies (Ossuary)
  A jelly (D:4)
  Jessica (D:2)
  Terence (D:2)
  3 iguanas
  10 orc wizards
  A hound zombie (Ossuary)
  3 mummies (Ossuary)
  7 gnolls
  8 adders
  2 shadow imps
  A white imp (D:5)
  An ufetubus (D:5)
  An adder zombie (Ossuary)
  A worm (D:2)
  24 orcs
  11 endoplasms
  3 giant cockroaches
  8 goblins
  7 hobgoblins
  5 quokkas
  8 ball pythons
  4 bats
  A frilled lizard (D:3)
  2 gnoll zombies (Ossuary)
  6 goblin zombies
  A hobgoblin zombie (Ossuary)
  4 jackal zombies (Ossuary)
  16 kobolds
  3 kobold zombies (Ossuary)
  3 orc zombies (Ossuary)
  4 quokka zombies (Ossuary)
  5 rats
  4 rat zombies
202 creatures vanquished.

Vanquished Creatures (collateral kills)
  An endoplasm (D:2)
1 creature vanquished.

Vanquished Creatures (others)
  A yak (D:9)
  A gnoll sergeant (D:5)
  A gnoll (D:5)
3 creatures vanquished.

Grand Total: 206 creatures vanquished

Notes
Turn   | Place    | Note
-------+----------+-------------------------------------------
     0 | D:1      | H0rd4k the Octopode Artificer began the quest for the Orb.
     0 | D:1      | Reached XP level 1. HP: 13/13 MP: 1/1
   485 | D:1      | Reached XP level 2. HP: 18/18 MP: 3/3
   498 | D:1      | Reached skill level 1 in Spellcasting
   899 | D:1      | Reached XP level 3. HP: 24/24 MP: 5/5
  1345 | D:2      | Reached skill level 1 in Unarmed Combat
  1887 | D:2      | Noticed Jessica
  1893 | D:2      | Killed Jessica
  1894 | D:2      | Reached XP level 4. HP: 30/30 MP: 5/7
  2099 | D:2      | Noticed Terence
  2109 | D:2      | Reached skill level 2 in Unarmed Combat
  2154 | D:2      | Killed Terence
  2559 | D:3      | Reached XP level 5. HP: 35/35 MP: 8/8
  3028 | D:3      | Reached skill level 3 in Unarmed Combat
  3311 | D:4      | Noticed Pikel
  3311 | D:4      | Noticed a lemure
  3312 | D:4      | Noticed a lemure
  3312 | D:4      | Noticed an ogre
  3312 | D:4      | Noticed a lemure
  3312 | D:4      | Noticed a lemure
  3622 | D:4      | Reached XP level 6. HP: 26/42 MP: 9/9
  3801 | D:4      | Found a shadowy altar of Dithmenos.
  4224 | D:4      | Killed Pikel
  4225 | D:4      | Reached skill level 5 in Unarmed Combat
  4225 | D:4      | Reached XP level 7. HP: 35/48 MP: 9/11
  4343 | D:4      | Reached skill level 6 in Unarmed Combat
  4380 | D:4      | Reached XP level 8. HP: 49/54 MP: 13/13
  5408 | D:5      | Entered Level 5 of the Dungeon
  5454 | D:5      | Found a staircase to the Ecumenical Temple.
  5500 | Temple   | Entered the Ecumenical Temple
  5524 | Temple   | Became a worshipper of Gozag Ym Sagoz the Greedy
  5679 | D:5      | Found a runed translucent door.
  5684 | D:5      | Found a runed translucent door.
  6438 | D:6      | HP: 1/54 [sky beast (5)]
  6440 | D:6      | Reached skill level 7 in Unarmed Combat
  6822 | D:6      | Found a sand-covered staircase.
  6829 | Ossuary  | Entered an ossuary
  6853 | Ossuary  | Reached skill level 5 in Fighting
  7648 | Ossuary  | Reached skill level 8 in Unarmed Combat
  7833 | D:6      | Reached XP level 9. HP: 55/61 MP: 15/15
  8736 | D:6      | Reached skill level 9 in Unarmed Combat
  9122 | D:5      | Found a white marble altar of Elyvilon.
  9270 | D:5      | Found a blossoming altar of Fedhas.
  9271 | D:5      | Found a sparkling altar of Nemelex Xobeh.
  9703 | D:5      | Found a shimmering blue altar of Sif Muna.
 10351 | D:7      | Reached skill level 5 in Spellcasting
 10690 | D:7      | Found Roxkoe's Book Emporium.
 11037 | D:7      | Reached skill level 10 in Unarmed Combat
 11190 | D:7      | Noticed Prince Ribbit
 11200 | D:7      | Killed Prince Ribbit
 11464 | D:8      | Noticed a hornet
 11476 | D:8      | Killed a hornet
 11477 | D:8      | Reached XP level 10. HP: 69/69 MP: 18/18
 11712 | D:8      | Identified the +2 leather armour of Grot {rF+ Str+3 Dex+3}
 12370 | D:8      | Reached skill level 11 in Unarmed Combat
 12973 | D:9      | Found a staircase to the Lair.
 13237 | D:9      | Found Qaid's Armour Emporium.
 13237 | D:9      | Found a staircase to the Orcish Mines.
 13271 | D:9      | HP: 2/69 [centaur (2)]
 13272 | D:9      | Slain by a centaur

Illustrated notes

Levels and vault maps discovered:
D:1:      roderic_dead_forest, layout_rooms, minmay_door_square,
          minmay_pentomino_t2
D:2:      layout_basic, uniq_terence, uniq_jessica
D:3:      layout_basic, minivault_19
D:4:      layout_cave_pods, old_standard_altar, uniq_pikel
D:5:      lemuel_insect_pit, layout_gridville,
          chequers_temple_overflow_statue_of_worship, marbit_many_paths,
          minmay_temple_entry_statues_fountains,
          minmay_a_box_with_orc_wizards_in_it
D:6:      layout_loops_cross, enter_ossuary_4, kennysheep_cross_room,
          kennysheep_generic_room_13
D:7:      layout_loops_ring, serial_shops, kennysheep_mini_moat,
          uniq_prince_ribbit1
D:8:      layout_loops_corners, grunt_ministairs_10, hellmonk_bongcloud_opening,
          nzn_life_drinkers
D:9:      dragon1_lemuel, layout_loops_ring,
          yredelemnul_forgotten_temple_becter, orc_david_3
Temple:   nicolae_temple_superstar

Skill      XL: |  1  2  3  4  5  6  7  8  9 10 |
---------------+-------------------------------+-----
Spellcasting   | 1 2 3 4 5 |  5.7
Fighting       | 2 3 4 5 6 |  6.8
Unarmed Combat | 1 2 3 5 6 8 10 11 | 11.2
Dodging        | |  2.3
Stealth        | |  1.3
Evocations     | |  3.2

Action                   |  1- 3 |  4- 6 |  7- 9 | 10-12 || total
-------------------------+-------+-------+-------+-------++-------
Melee: Unarmed           |    87 |    97 |   330 |    71 ||   585
       Constrict         |    24 |    24 |    73 |    11 ||   132
       Tentacles         |    23 |    25 |    98 |    27 ||   173
       Punch             |     1 |     5 |    29 |     5 ||    40
Evoke: Wand              |       |    21 |    14 |     7 ||    42
  Use: Scroll            |       |       |     9 |       ||     9
       Potion            |       |       |       |     1 ||     1
 Stab: Sleeping          |     7 |     7 |     9 |       ||    23
       Distracted        |       |       |     1 |     1 ||     2
       Paralysed         |       |       |     7 |     1 ||     8
Armor: Skin              |     7 |     4 |    12 |     2 ||    25
Dodge: Dodged            |    45 |    61 |   156 |    28 ||   290
